 Dungeon Crawl Stone Soup version 0.20.1-1-g8b1a95d (webtiles) character file.

2702 raph the Firebug (level 9, -9/51 HPs)
             Began as a Deep Elf Fire Elementalist on Oct 2, 2017.
             Was a Follower of Vehumet.
             Engulfed by a cloud of flame (19 damage)
             ... on level 7 of the Dungeon.
             The game lasted 00:22:39 (9375 turns).

raph the Firebug (Deep Elf Fire Elementalist)       Turns: 9375, Time: 00:22:39

Health: -9/51      AC: 11    Str:  6    XL:     9   Next: 38%
Magic:  9/20       EV: 14    Int: 23    God:    Vehumet [*.....]
Gold:   320        SH:  5    Dex: 15    Spells: 1/20 levels left

rFire    . . .     SeeInvis .   o - staff of conjuration
rCold    + . .     Gourm    .   e - +0 buckler
rNeg     . . .     Faith    .   w - +0 troll leather armour
rPois    .         Spirit   .   K - +1 helmet
rElec    .         Reflect  .   u - +0 cloak
rCorr    .         Harm     .   f - +2 pair of gloves
MR       .....                  v - +0 pair of boots
Stlth    ++........             (no amulet)
Regen    0.6/turn               m - ring of protection from cold
MPRegen  0.2/turn               (no ring)

@: vulnerable, very slightly contaminated
A: no striking features
a: Renounce Religion


You were on level 7 of the Dungeon.
You worshipped Vehumet.
Vehumet was aware of your devotion.
You were not hungry.

You visited 2 branches of the dungeon, and saw 8 of its levels.

You collected 320 gold pieces.

Inventory:

Hand Weapons
 d - a +0 dagger
 s - a +1 short sword of flaming
 E - a +4 dagger
Missiles
 y - 9 tomahawks (quivered)
Armour
 a - a +0 robe
 e - a +0 buckler (worn)
 f - a +2 pair of gloves (worn)
 g - a +0 leather armour
 u - a +0 cloak (worn)
 v - a +0 pair of boots (worn)
 w - a +0 troll leather armour (worn)
 K - a +1 helmet (worn)
Magical Staves
 o - an uncursed staff of conjuration (weapon)
Jewellery
 m - a ring of protection from cold (left hand)
Wands
 t - a wand of confusion (45/48)
Scrolls
 h - 4 scrolls of remove curse
 z - 2 scrolls of recharging
Potions
 i - a potion of flight
 j - a potion of might
 k - a potion of curing
 l - a potion of haste {unknown}
 n - a potion of heal wounds {unknown}
 p - 2 potions of lignification
 r - a potion of resistance {unknown}
 B - a potion of cancellation {unknown}
 F - a potion of agility {unknown}
 J - a potion of mutation {unknown}
Books
 b - a book of Flames

   Spells                             Type                      Level
   a - Flame Tongue                   Conjuration/Fire             1
   b - Throw Flame                    Conjuration/Fire             2
   c - Conjure Flame                  Conjuration/Fire             3
   d - Inner Flame                    Hexes/Fire                   3
   e - Sticky Flame                   Conjuration/Fire             4
   f - Fireball                       Conjuration/Fire             5
Comestibles
 c - 7 bread rations
 q - a royal jelly
 D - a fruit
 I - a meat ration


   Skills:
 - Level 3.5 Fighting
 - Level 2.7 Armour
 - Level 5.6 Dodging
 - Level 2.5 Stealth
 * Level 3.5 Shields
 - Level 6.3 Spellcasting
 * Level 6.0 Conjurations
 * Level 7.9 Fire Magic


You had one spell level left.
You knew the following spells:

 Your Spells              Type           Power        Failure   Level  Hunger
a - Flame Tongue          Conj/Fire      #####        1%          1    None
b - Throw Flame           Conj/Fire      ######       1%          2    None
c - Conjure Flame         Conj/Fire      ######..     2%          3    #......
d - Inner Flame           Hex/Fire       ####....     8%          3    #......
e - Sticky Flame          Conj/Fire      ######..     8%          4    ###....
f - Fireball              Conj/Fire      ######....   21%         5    #####..
g - Magic Dart            Conj           ####         1%          1    None


Dungeon Overview and Level Annotations

Branches:
Dungeon (7/15)             Temple (1/1) D:4

Altars:
Ashenzari
Cheibriados
Dithmenos
Elyvilon
Fedhas
Gozag
Hepliaklqana
Kikubaaqudgha
Makhleb
Nemelex Xobeh
Okawaru
Qazlal
Ru
Sif Muna
Trog
Uskayaw
Vehumet
Xom
Yredelemnul
Zin
The Shining One

Annotations:
D:5 Britaniac's ghost, novice OgFi


Message History

The bullfrog is engulfed in blazing flames.
The bullfrog explodes!
The fiery explosion engulfs you!
Ouch! That really hurt!
The fiery explosion engulfs the orc warrior.
You kill the orc warrior!
Vehumet accepts your kill.
The fiery explosion engulfs the centaur.
You kill the centaur!
Vehumet accepts your kill.
The fiery explosion engulfs the orc.
You kill the orc!
Vehumet accepts your kill. x2
Your Conjurations skill increases to level 6!
As you read the scroll labeled ZEADAA CENLA, it crumbles to dust.
Magic quickly surges around you.
It was a scroll of vulnerability.
You are engulfed in blazing flames.
* * * LOW HITPOINT WARNING * * *
You feel better.
You are engulfed in blazing flames.
You die...

##+# #...# .....#
......# # .......
.## ....... ...#
.......####§..###
#.§@§§o...#
#.###§....# #.#
....# #+ #.# ...#
#.# #.# ..#
##.####.# .#
#.....#.#####.# #
##...#.#........
#..............#


You could see an orc.

Vanquished Creatures
  A centaur zombie (D:6)
  A troll (D:6)
  A hippogriff (D:6)
  An ice beast (D:5)
  2 orc warriors (D:7)
  2 ogres
  2 phantoms
  A centaur (D:7)
  A bullfrog (D:7)
  4 scorpions
  A howler monkey (D:7)
  2 crimson imps (D:6)
  2 bullfrog zombies
  6 hounds
  Crazy Yiuf (D:3)
  2 orc priests
  3 orc wizards
  Terence (D:3)
  4 iguanas
  2 worker ants (D:5)
  A hound zombie (D:6)
  A hound skeleton (D:6)
  A worker ant zombie (D:4)
  3 gnolls (D:3)
  11 adders
  2 shadow imps
  2 oozes
  2 adder skeletons
  An adder zombie (D:6)
  5 worms
  2 dart slugs
  3 leopard geckos
  14 orcs
  12 bats
  A bat skeleton (D:2)
  10 giant cockroaches
  7 hobgoblins
  7 jackals
  3 quokkas
  A ball python (D:3)
  A ball python zombie (D:2)
  5 frilled lizards
  2 giant cockroach zombies (D:2)
  5 goblins
  A jackal zombie (D:5)
  2 kobolds
  A leopard gecko skeleton (D:2)
  A quokka skeleton (D:2)
  A quokka zombie (D:2)
  8 rats
156 creatures vanquished.

Notes
Turn   | Place    | Note
-------+----------+-------------------------------------------
     0 | D:1      | raph the Deep Elf Fire Elementalist began the quest for the Orb.
     0 | D:1      | Reached XP level 1. HP: 10/10 MP: 6/6
   408 | D:1      | Reached XP level 2. HP: 16/16 MP: 4/8
   442 | D:1      | Learned a level 2 spell: Throw Flame
  1143 | D:2      | Reached XP level 3. HP: 20/20 MP: 4/9
  1189 | D:2      | Learned a level 3 spell: Conjure Flame
  1439 | D:2      | Reached skill level 1 in Fighting
  2155 | D:2      | Reached XP level 4. HP: 20/25 MP: 1/11
  2166 | D:2      | Reached skill level 4 in Fire Magic
  2600 | D:3      | Found a sparkling altar of Nemelex Xobeh.
  2610 | D:3      | Learned a level 3 spell: Inner Flame
  2970 | D:3      | Reached XP level 5. HP: 29/29 MP: 9/12
  3449 | D:3      | Found a runed door.
  3453 | D:3      | Noticed Crazy Yiuf
  3458 | D:3      | Killed Crazy Yiuf
  3687 | D:3      | Found a white marble altar of Elyvilon.
  4291 | D:3      | Noticed Terence
  4303 | D:3      | Killed Terence
  4303 | D:3      | Reached XP level 6. HP: 35/35 MP: 0/14
  4420 | D:3      | Reached skill level 1 in Armour
  4499 | D:4      | Learned a level 4 spell: Sticky Flame
  4603 | D:4      | Found a staircase to the Ecumenical Temple.
  5753 | D:5      | Entered Level 5 of the Dungeon
  5920 | D:5      | Reached skill level 5 in Fire Magic
  6059 | D:5      | Noticed Britaniac's ghost (novice OgFi)
  6224 | D:5      | Reached XP level 7. HP: 28/40 MP: 12/16
  6448 | D:5      | Reached skill level 5 in Spellcasting
  6647 | Temple   | Entered the Ecumenical Temple
  6874 | Temple   | Became a worshipper of Vehumet
  7041 | D:5      | Reached skill level 6 in Fire Magic
  7187 | D:6      | Reached skill level 5 in Dodging
  7187 | D:6      | Reached skill level 1 in Shields
  7187 | D:6      | Reached XP level 8. HP: 24/46 MP: 12/18
  7344 | D:6      | Found a sacrificial altar of Ru.
  7572 | D:6      | HP: 1/46 [ogre/giant club (21)]
  8019 | D:6      | Noticed a troll
  8019 | D:6      | Noticed a hippogriff
  8027 | D:6      | Killed a hippogriff
  8027 | D:6      | Reached skill level 5 in Conjurations
  8027 | D:6      | Reached skill level 7 in Fire Magic
  8031 | D:6      | Killed a troll
  8031 | D:6      | Reached XP level 9. HP: 38/51 MP: 12/20
  8111 | D:6      | Learned a level 5 spell: Fireball
  8623 | D:7      | Reached * piety under Vehumet
  8623 | D:7      | Offered knowledge of Magic Dart by Vehumet.
  8626 | D:7      | Learned a level 1 spell: Magic Dart
  8835 | D:7      | Found a hide-covered altar of Uskayaw.
  9375 | D:7      | Engulfed by a cloud of flame

Skill      XL: |  1  2  3  4  5  6  7  8  9 |
---------------+----------------------------+-----
Fighting       | 1 2 3 |  3.5
Conjurations   | 2 3 4 5 6 |  6.0
Dodging        | 3 4 5 |  5.6
Fire Magic     | 4 5 6 7 |  7.9
Spellcasting   | 4 5 6 |  6.3
Armour         | 1 2 |  2.7
Shields        | 1 2 3 |  3.5
Stealth        | |  2.5

Action                   |  1- 3 |  4- 6 |  7- 9 || total
-------------------------+-------+-------+-------++-------
Melee: Dagger            |     7 |     4 |    66 ||    77
       Short sword       |       |    14 |     1 ||    15
       Staff             |       |       |     1 ||     1
Throw: Tomahawk          |       |     1 |     3 ||     4
 Cast: Flame Tongue      |    76 |   136 |    86 ||   298
       Throw Flame       |     4 |     9 |    14 ||    27
       Conjure Flame     |     6 |    10 |    14 ||    30
       Inner Flame       |       |     4 |     5 ||     9
       Sticky Flame      |       |       |     4 ||     4
Evoke: Wand              |       |       |     1 ||     1
  Use: Scroll            |       |       |    17 ||    17
       Potion            |       |       |     1 ||     1
 Stab: Sleeping          |     1 |     2 |       ||     3
  Eat: Chunk             |     4 |     8 |     4 ||    16
       Meat ration       |       |     1 |     1 ||     2
       Royal jelly       |       |       |     1 ||     1
       Fruit             |       |       |     1 ||     1
Armor: Robe              |     9 |     7 |       ||    16
       Leather armour    |       |    15 |    24 ||    39
       Troll leather arm |       |       |     9 ||     9
Dodge: Dodged            |    23 |    69 |    69 ||   161
Block: Buckler           |       |       |     5 ||     5
